 Dungeon Crawl Stone Soup version 0.26-a0-1129-gc5df7fbe6a (webtiles) character file.

Game seed: 17290810982802965824

49 CasualChangeling the Slasher (level 3, 0/32 HPs)
             Began as a Palentonga Wanderer on Dec 19, 2020.
             Slain by a kobold (3 damage)
             ... on level 2 of the Dungeon.
             The game lasted 00:02:53 (1144 turns).

CasualChangeling the Slasher (Palentonga Wanderer)  Turns: 1144, Time: 00:02:53

Health: 0/32       AC:  9    Str: 17    XL:     3   Next: 51%
Magic:  3/3        EV:  7    Int: 12    God:
Gold:   68         SH:  0    Dex:  8    Spells: 2/2 levels left

rFire    . . .     SeeInvis +   a - +0 long sword
rCold    . . .     Faith    .   (no shield)
rNeg     . . .     Spirit   .   b - +0 plate armour
rPois    .         Reflect  .   (no helmet)
rElec    .         Harm     .   (no cloak)
rCorr    .         Rampage  .   l - +0 pair of gloves
Will     .....                  (no barding)
Stlth    ..........             (no amulet)
HPRegen  0.10/turn              e - +4 ring of evasion
MPRegen  0.08/turn              k - ring of stealth

@: mighty
A: large, rugged brown scales 3, see invisible, deformed body, roll 1, armoured
tail
a: Rolling Charge


You were on level 2 of the Dungeon.
You visited 1 branch of the dungeon, and saw 2 of its levels.

You collected 68 gold pieces.

Inventory:

Hand Weapons
 a - a +0 long sword (weapon)
Armour
 b - a +0 plate armour (worn)
 l - a +0 pair of gloves (worn)
Jewellery
 e - a +4 ring of evasion (left hand)
 k - a ring of stealth (right hand)
Scrolls
 d - a scroll of enchant weapon {unknown}
 f - a scroll of remove curse {unknown}
 g - a scroll of random uselessness {unknown}
 i - a scroll of immolation {unknown}
 j - 2 scrolls of identify {unknown}
 n - a scroll of enchant armour {unknown}
 o - a scroll of noise {unknown}
Potions
 c - 3 potions of lignification


   Skills:
 * Level 2.5 Fighting
 + Level 2.5 Long Blades
 - Level 1.5 Crossbows
 - Level 1.0 Throwing
 + Level 1.6 Armour
 - Level 1.5 Dodging
 - Level 1.0 Stealth


You had 2 spell levels left.
You didn't know any spells.
Your spell library was empty.

Dungeon Overview and Level Annotations

Branches:
Dungeon (2/15)

Altars:


Innate Abilities, Weirdness & Mutations

You are completely covered in rugged brown scales. (AC +3, +7% HP)
You have supernaturally acute eyesight. (SInv)
Armour fits poorly on your strangely shaped body.
You can roll at nearby foes to attack.
You have a long armoured tail.


Message History

* * * LOW HITPOINT WARNING * * *
Jessica casts a spell.
Jessica blinks!
The kobold hits you but does no damage.
The quokka bites you but does no damage.
Jessica hits you but does no damage.
You see here a scroll labelled DOEPPE LIFI.
Okay, then.
It was a potion of curing.
You feel better. Jessica hits you with a +0 dagger.
* * * LOW HITPOINT WARNING * * *
The quokka bites you.
* * * LOW HITPOINT WARNING * * *
You feel very mighty all of a sudden. Jessica hits you but does no damage.
The quokka bites you.
* * * LOW HITPOINT WARNING * * *
The kobold barely misses you. Jessica hits you but does no damage.
You slash Jessica!
You kill Jessica!
The quokka bites you but does no damage.
The kobold hits you.
You die...

######### #.......##
.........##
.#####....#
##..?##...######
#...).#........#######
#...r@'...............
#...K.#..............#
##..?##...............
#####................
................##
.................##
...#####'#######...
#..# #.## ##.## #.#


You could see a quokka and a kobold.

Vanquished Creatures
  Jessica (D:2)
  An adder (D:2)
  3 dart slugs (D:1)
  6 bats
  A giant cockroach (D:1)
  5 goblins
  4 hobgoblins
  3 jackals (D:2)
  2 frilled lizards
  3 kobolds (D:1)
  3 rats (D:1)
32 creatures vanquished.

Notes
Turn   | Place    | Note
-------+----------+-------------------------------------------
     0 | D:1      | CasualChangeling the Palentonga Wanderer began the quest
                  | for the Orb.
     0 | D:1      | CasualChangeling set off with the following items: a +2
                  | hand crossbow, 23 bolts, a potion of lignification, a +0
                  | falchion, a +0 robe
     0 | D:1      | Reached XP level 1. HP: 17/17 MP: 1/1
    68 | D:1      | Reached XP level 2. HP: 12/24 MP: 2/2
   962 | D:2      | Reached XP level 3. HP: 31/31 MP: 3/3
  1129 | D:2      | Noticed Jessica
  1144 | D:2      | Killed Jessica
  1144 | D:2      | Slain by a kobold

Illustrated notes

Levels and vault maps discovered:
D:1:      lightli_arrival_flooded_house, layout_basic
D:2:      layout_basic, marbit_many_paths, kennysheep_jessica_study

Skill      XL: |  1  2 |
---------------+-------+-----
Fighting       | 2 |  2.5
Long Blades    | |  2.5
Crossbows      | |  1.5
Throwing       | |  1.0
Armour         | |  1.6
Dodging        | |  1.5
Stealth        | |  1.0

Action                   || total
-------------------------++-------
Melee: Falchion          ||    91
       Tailslap          ||     7
       Long sword        ||     7
 Abil: Rolling Charge    ||     9
  Use: Potion            ||     2
Armor: Plate armour      ||   121
Dodge: Dodged            ||    37
       Rpst.: Falchion   ||     8
       Long sword        ||     1

Table legend: (Time is in decaauts)
 A = Elapsed time spent in this place.
 B = Non-inter-level travel time spent in this place.
 C = Inter-level travel time spent in this place.
 D = Time resting spent in this place.
 E = Time spent auto-exploring this place.
 F = Levels seen in this place.
 G = Mean time per level.
                   A        B        C        D        E       F      G
               +--------+--------+--------+--------+--------+-----+--------+
         Total |   1159 |   1117 |     42 |    162 |    705 |   2 |  579.5 |
       Dungeon |   1159 |   1117 |     42 |    162 |    705 |   2 |  579.5 |
               +--------+--------+--------+--------+--------+-----+--------+

Top non-repeatable levels by time:
     D:1: 954 daAuts
     D:2: 205 daAuts
